 Dungeon Crawl Stone Soup version 0.30.1 (webtiles) character file.

Game seed: 15528704196449748260

237 MikeMinsk the Conjurer (level 5, -3/35 HPs)
             Began as a Demonspawn Conjurer on July 6, 2023.
             Was an Initiate of Gozag.
             Slain by a wyvern (5 damage)
             ... on level 6 of the Dungeon.
             The game lasted 00:15:28 (4075 turns).

MikeMinsk the Conjurer (Demonspawn Conjurer)        Turns: 4075, Time: 00:15:28

Health: -3/35      AC:  6    Str:  7    XL:     5   Next: 77%
Magic:  3/9        EV: 12    Int: 22    God:    Gozag
Gold:   338        SH:  0    Dex: 11    Spells: 2/9 levels left

rFire   . . .        c - +1 whip (elec)
rCold   + . .        (no shield)
rNeg    . . .        a - +0 robe
rPois   .            e - +1 helmet
rElec   .            m - +0 cloak
rCorr   .            t - +0 pair of gloves
SInv    +            (no boots)
Will    .....        j - amulet of the acrobat
Stlth   ++           f - ring of protection from cold
HPRegen 0.25/turn    x - ring of see invisible
MPRegen 0.11/turn

%: acrobat
@: no status effects
A: claws 1, powered by death 1
a: Renounce Religion, Potion Petition, Call Merchant, Bribe Branch


You were on level 6 of the Dungeon.
You worshipped Gozag.
Gozag was aware of your devotion.
You visited 2 branches of the dungeon, and saw 7 of its levels.

You collected 414 gold pieces.
You paid 76 gold pieces to Gozag.

Inventory:

Hand Weapons
 c - a +1 whip of electrocution (weapon)
Armour
 a - a +0 robe (worn)
 e - a +1 helmet (worn)
 m - a +0 cloak (worn)
 t - a +0 pair of gloves (worn)
Magical Staves
 p - a staff of fire
Jewellery
 f - a ring of protection from cold (left hand)
 j - an amulet of the acrobat (around neck)
 r - a ring of ice
 s - a ring of protection from cold
 x - a ring of see invisible (right hand)
Scrolls
 g - 2 scrolls of fog
 l - 6 scrolls of teleportation
 q - 2 scrolls of identify
 u - a scroll of noise {unknown}
 w - a scroll of magic mapping {unknown}
 y - a scroll of enchant armour {unknown}
Potions
 b - a potion of magic
 d - a potion of lignification
 h - 2 potions of flight {unknown}
 i - a potion of berserk rage {unknown}
 k - 2 potions of curing {unknown}
 o - 2 potions of haste
 v - a potion of mutation {unknown}


   Skills:
 - Level 1.7 Dodging
 - Level 1.7 Stealth
 * Level 2.8 Spellcasting
 * Level 6.7 Conjurations
 + Level 0.0 Hexes


You had 2 spell levels left.
You knew the following spells:

 Your Spells              Type           Power      Damage    Failure   Level
a - Magic Dart            Conj           100%       1d8       1%          1
b - Searing Ray           Conj           64%        2d6       1%          2
c - Fulminant Prism       Conj/Hex       8%         3d7       30%         4

Your spell library contained the following spells:

 Spells                   Type           Power      Damage    Failure   Level
 Summon Small Mammal      Summ           12%        N/A       13%         1
 Dazzling Flash           Conj/Hex       34%        N/A       10%         3
 Iskenderun's Mystic Bla  Conj/Tloc      17%        2d5       30%         4
 Call Canine Familiar     Summ           3%         N/A       36%         3
 Summon Guardian Golem    Hex/Summ       3%         N/A       36%         3
 Volatile Blastmotes      Fire/Tloc      6%         2d10      36%         3
 Starburst                Conj/Fire      8%         6d4       99%         6


Dungeon Overview and Level Annotations

Branches:
Dungeon (6/15)             Temple (1/1) D:4

Altars:
Gozag
Hepliaklqana
Makhleb
Okawaru
Sif Muna
Wu Jian

Annotations:
D:6 Grinder


Innate Abilities, Weirdness & Mutations

You have sharp fingernails.
You regenerate a little health from kills.


Message History

You see here a +0 hand axe.
Aiming: Searing Ray (safe; 1% risk of failure)
Press: ? - help, Q - select action, (/) - cycle Shift-Dir - straight line
Okay, then.
The wyvern hisses angrily.
Aiming: Searing Ray (safe; 1% risk of failure)
Press: ? - help, Q - select action, (/) - cycle Shift-Dir - straight line, f - wyvern
Aim: a wyvern (81% to hit)
The searing ray misses the wyvern. (Press . to maintain the ray.)
You hit the wyvern. Lightning courses through the wyvern!
The wyvern is heavily wounded.
The wyvern bites you but does no damage.
The wyvern bites you!
You closely miss the wyvern.
The wyvern is heavily wounded.
The wyvern bites you!
You hit the wyvern.
The wyvern is heavily wounded.
The wyvern bites you!
* * * LOW HITPOINT WARNING * * *
The wyvern barely misses you.
As you read the scroll of fear, it crumbles to dust.
You assume a fearsome visage.
The wyvern looks frightened!
Aiming: Searing Ray (safe; 1% risk of failure)
Press: ? - help, Q - select action, (/) - cycle Shift-Dir - straight line, f/p - wyvern
Aim: a wyvern (heavily wounded, fleeing, 81% to hit)
The searing ray hits the wyvern.
The wyvern is severely wounded.
Your attack snaps the wyvern out of its fear. (Press . to maintain the ray.) Restarting spell: Searing Ray (safe; 1% risk of failure)
Press: ? - help, Q - select action, (/) - cycle Shift-Dir - straight line, f/p - wyvern
Aim: a wyvern (severely wounded, 81% to hit)
The searing ray hits the wyvern!
The wyvern is almost dead. (Press . to maintain the ray.)
The wyvern bites you.
You die...
Your body crumbles into a pile of gold.

#######.## #.#
#...######.# ##.......#
#.# #...##.....#
##.####..# #.#
#..........## ##.#
#..###.###..###.###..##
##.#
#............<........#
##.#
#)####.###..###...#.##...#
##.####.# #.# #..###...#.#
#### ........#
#.###........#.# ##.####.#
#.#..@.###..##.# #.#....#
#.#.#l.##...##.# #......#
#.#.#..........# #......#
#.# ##.##..##### ##.....#
#.# #.).#..# ##....#
#.#.......[..
##.#.####.#........##
#.#........# ###..#
#..........# #..#


You could see a wyvern.

Vanquished Creatures
  An orc priest (D:4)
  An iguana (D:5)
  8 adders
  3 worms
  4 dart slugs
  2 orcs (D:4)
  8 ball pythons
  4 bats
  7 endoplasms
  2 giant cockroaches
  11 goblins
  13 hobgoblins
  3 jackals (D:2)
  7 quokkas
  3 frilled lizards
  4 kobolds
  3 rats
84 creatures vanquished.

Notes
Turn   | Place    | Note
-------+----------+-------------------------------------------
     0 | D:1      | MikeMinsk the Demonspawn Conjurer began the quest for the
                  | Orb.
     0 | D:1      | Reached XP level 1. HP: 13/13 MP: 3/3
   323 | D:1      | Gained mutation: You regenerate a little health from kills.
                  | [demonic ancestry]
   323 | D:1      | Reached XP level 2. HP: 16/19 MP: 5/5
   400 | D:1      | Learned a level 2 spell: Searing Ray
   745 | D:1      | Reached skill level 5 in Conjurations
   745 | D:1      | Reached XP level 3. HP: 24/24 MP: 6/6
   920 | D:2      | Found a faded altar of an unknown god.
  1856 | D:3      | Gained mutation: You have sharp fingernails. [demonic
                  | ancestry]
  1856 | D:3      | Reached XP level 4. HP: 22/30 MP: 7/7
  2209 | D:3      | Found a shimmering blue altar of Sif Muna.
  2599 | D:4      | Reached skill level 6 in Conjurations
  2669 | D:4      | Found a staircase to the Ecumenical Temple.
  2683 | Temple   | Entered the Ecumenical Temple
  2701 | Temple   | Became a worshipper of Gozag Ym Sagoz the Greedy
  2781 | D:4      | Reached XP level 5. HP: 25/35 MP: 2/8
  3210 | D:5      | Entered Level 5 of the Dungeon
  3338 | D:5      | Found an ornate altar of the Wu Jian Council.
  3999 | D:6      | Noticed Grinder
  3999 | D:6      | Noticed a wyvern
  4008 | D:6      | Learned a level 4 spell: Fulminant Prism
  4072 | D:6      | HP: 1/35 [wyvern (11)]
  4075 | D:6      | Slain by a wyvern

Illustrated notes

Levels and vault maps discovered:
D:1:      lightli_arrival_boilingwater, layout_loops_ring,
          grunt_decor_mini_mirrors
D:2:      layout_loops_corners, hellmonk_ecumenical_altar_prayer_group,
          nicolae_titane
D:3:      layout_loops_ring, lemuel_blue_sif_altar, small_statue_intersection
D:4:      layout_basic, minmay_temple_entry_tees
D:5:      layout_gridville, nicolae_wu_jian_wuxing_cycle
D:6:      layout_loops_ring, elyvilon_altar_1, uniq_sigmund, uniq_grinder
Temple:   jpeg_temple_clearing

Skill      XL: |  1  2  3  4 |
---------------+-------------+-----
Conjurations   | 5 6 |  6.7
Dodging        | |  1.7
Stealth        | |  1.7
Spellcasting   | |  2.8

Action                     |  1- 3 |  4- 6 || total
---------------------------+-------+-------++-------
  Melee: Dagger            |   123 |    73 ||   196
         Unarmed           |     2 |       ||     2
         Punch             |       |     2 ||     2
         Whip              |       |    56 ||    56
   Cast: Magic Dart        |    13 |       ||    13
         Searing Ray       |       |     8 ||     8
    Use: Scroll            |     1 |     5 ||     6
   Stab: Sleeping          |     8 |       ||     8
         Distracted        |       |     1 ||     1
 Armour: Robe              |    40 |    34 ||    74
  Dodge: Dodged            |    65 |    86 ||   151
